 Dungeon Crawl Stone Soup version 0.28-a0-983-g1de4e0787c (console) character file.

Game seed: 4844918398736425131

598 petzl the Sneak (level 7, -2/46 HPs)
             Began as an Octopode Arcane Marksman on Dec 2, 2021.
             Killed by divine providence
             ... invoked by an orc priest
              (17 damage)
             ... on level 5 of the Dungeon.
             The game lasted 00:21:21 (6339 turns).

petzl the Sneak (Octopode Arcane Marksman)          Turns: 6339, Time: 00:21:22

Health: -2/46      AC:  5    Str: 22    XL:     7   Next: 40%
Magic:  11/11      EV: 14    Int: 17    God:
Gold:   186        SH:  0    Dex: 12    Spells: 11/12 levels left

rFire   . . .      SeeInvis .   a - +0 long sword
rCold   . . .      Faith    .   (no shield)
rNeg    + + .      Spirit   .   (helmet restricted)
rPois   .          Reflect  .   t - amulet of magic regeneration
rElec   .          Harm     .   f - +6 ring of strength
rCorr   .          Rampage  .   i - ring of Butchery {Drain rN++ AC+4 Str+6}
Will    .....                   (no ring)
Stlth   ++++......              (no ring)
HPRegen 0.15/turn               (no ring)
MPRegen 0.52/turn               (no ring)
                                (no ring)
                                (no ring)

@: no status effects
A: almost no armour, amphibious, 8 rings, camouflage 1, gelatinous body 1,
(nimble swimmer 1), tentacles
a: no special abilities


You were on level 5 of the Dungeon.
You visited 1 branch of the dungeon, and saw 7 of its levels.
You also visited: Sewer.

You collected 186 gold pieces.

Inventory:

Hand Weapons
 a - a +0 long sword (weapon)
 b - a +1 hand crossbow
Missiles
 c - 25 bolts
 v - 17 poisoned darts (quivered)
Jewellery
 f - a +6 ring of strength (left tentacle)
 i - the ring of Butchery (right tentacle) {Drain rN++ AC+4 Str+6}
   (You acquired it on level 5 of the Dungeon)

   [ring of protection]

   AC:        It affects your AC (+4).
   Str:       It affects your strength (+6).
   rN:        It greatly protects you from negative energy.
   Drain:     It drains your maximum health when unequipped.
 t - an amulet of magic regeneration (around mantle)
Scrolls
 e - a scroll of noise {unknown}
 g - a scroll of torment {unknown}
 h - a scroll of brand weapon {unknown}
 j - 2 scrolls of amnesia {unknown}
 k - a scroll of teleportation {unknown}
 l - 3 scrolls of enchant weapon
 n - a scroll of summoning {unknown}
 p - a scroll of magic mapping {unknown}
 r - a scroll of holy word {unknown}
 u - a scroll of immolation
 w - a scroll of vulnerability {unknown}
Potions
 m - a potion of cancellation
 q - a potion of haste {unknown}
 s - 2 potions of curing {unknown}


   Skills:
 + Level 3.5 Fighting
 + Level 3.9 Crossbows
 + Level 3.9 Dodging
 + Level 4.6 Stealth
 + Level 3.1 Spellcasting
 - Level 3.0 Hexes


You had 11 spell levels left.
You knew the following spells:

 Your Spells              Type           Power      Damage    Failure   Level
a - Slow                  Hex            48%        N/A       4%          1

Your spell library contained the following spells:

 Spells                   Type           Power      Damage    Failure   Level
 Passwall                 Tmut/Erth      1%         N/A       26%         2
 Inner Flame              Hex/Fire       7%         N/A       28%         3
 Portal Projectile        Hex/Tloc       14%        N/A       28%         3
 Swiftness                Air            2%         N/A       45%         3
 Cause Fear               Hex            6%         N/A       45%         4


Dungeon Overview and Level Annotations

Branches:
Dungeon (7/15)              Sewer (visited)
 Temple: D:4-7

Altars:
Ashenzari
Ru
Trog
Zin

Annotations:
D:4 Natasha, Pikel, Sigmund
D:5 exclusions: downstairs, 2 orcs, orc priest, scorpion and 2 upstairs


Innate Abilities, Weirdness & Mutations

You cannot wear most types of armour.
You are amphibious.
You can wear up to eight rings at the same time.
Your skin changes colour to match your surroundings (Stealth+).
Your rubbery body absorbs attacks. (AC +1, EV +1)
((You are camouflaged near water. (Stealth+)))
You have tentacles for arms and can constrict up to eight enemies at once.


Message History

a - a +0 long sword (weapon)
An orc priest comes into view. It is wielding a +0 trident.
The orc priest hits you with a +2 dagger of speed.
The orc priest shouts!
You hit the orc priest. You grab the orc priest.
The orc priest is heavily wounded.
You constrict the orc priest. The orc priest misses you.
The orc hits you but does no damage. The orc barely misses you.
The orc priest hits you with a +2 dagger of speed.
You hit the orc priest but do no damage.
The orc priest is severely wounded.
You constrict the orc priest. The orc barely misses you. The orc misses you.
The orc closely misses you. The orc priest barely misses you.
The orc priest calls down the wrath of Beogh upon you.
Beogh smites you!
You hit the orc priest but do no damage.
The orc priest is almost dead.
You constrict the orc priest.
You kill the orc priest!
The orc barely misses you. The orc hits you with a +0 whip.
The orc hits you with a +0 flail! The orc misses you.
The orc hits you with a +0 whip.
* * * LOW HITPOINT WARNING * * *
The orc hits you with a +0 flail.
* * * LOW HITPOINT WARNING * * *
You feel much better.
The orc priest hits you from afar with a +0 trident.
The orc barely misses you. x2; The orc hits you with a +0 flail.
Okay, then.
As you read the scroll of fog, it crumbles to dust.
The scroll dissolves into smoke.
The orc closely misses you. The orc hits you but does no damage.
The orc hits you with a +0 whip. The orc hits you with a +0 flail!
* * * LOW HITPOINT WARNING * * *
Okay, then.
Unknown command.
As you read the scroll of fog, it crumbles to dust.
The scroll dissolves into smoke.
The orc hits you but does no damage.
The orc priest looks encouraged for a moment.
Really wriggle into a travel-excluded area?
There is a stone staircase leading up here.
The orc priest calls down the wrath of Beogh upon you.
Beogh smites you!
You die...

. # # .. . .### ##.. ..
....####..# ..######## #..
...(....# #......... #..
#......# #.........
#..####....## #....###..
#..........## #.# ##.
#...@..)....### #.# ##..
#..##o..##..§§## #.# #... #..
##o.####§§§#####.## ##..# #.
#..# ###...##...###..## # #..#
##............# #.o#
###o..#......# ##.###
#..###....## ##....#######§.#
###..##
##.....o....§§§.###.....# ###
##..#...#..o§§§§........## #.##
##..###..####§§§§........#
##.#####..## #...#
#§§.....###..# #........#
##..###..#....# #..# #.......##
##...#..#.....# #..# #.##.....#
#......##.....###..#
######...####.....##...........#
###..#....................#
##................#.....#
#................#.....#


You could see an orc priest and 2 orcs.

Vanquished Creatures
  A phantom (D:5)
  2 lemures
  2 scorpions (D:5)
  A hound (D:5)
  2 centaur skeletons
  An orc priest (D:5)
  A bullfrog skeleton (D:5)
  2 orc wizards (D:5)
  5 adders
  5 river rats
  2 ufetubi (D:5)
  A dart slug (D:3)
  10 orcs
  9 endoplasms
  5 giant cockroaches
  7 goblins
  9 hobgoblins
  5 kobolds
  10 quokkas
  5 ball pythons
  11 bats
  10 frilled lizards
  10 rats
116 creatures vanquished.

Notes
Turn   | Place    | Note
-------+----------+-------------------------------------------
     0 | D:1      | petzl the Octopode Arcane Marksman began the quest for the
                  | Orb.
     0 | D:1      | Reached XP level 1. HP: 13/13 MP: 2/2
   192 | D:1      | Reached XP level 2. HP: 18/18 MP: 3/3
   226 | D:1      | Reached skill level 1 in Stealth
   532 | D:1      | Reached XP level 3. HP: 23/23 MP: 5/5
  2335 | D:2      | Reached skill level 2 in Stealth
  2335 | D:2      | Reached XP level 4. HP: 16/29 MP: 6/6
  2657 | D:3      | Found a sacrificial altar of Ru.
  2691 | D:3      | Found a broken altar of Ashenzari.
  2727 | D:3      | Found a faded altar of an unknown god.
  2925 | D:3      | Found a glowing drain.
  2933 | Sewer    | Entered a sewer
  3383 | Sewer    | Reached XP level 5. HP: 27/34 MP: 6/8
  3965 | D:3      | Found a bloodstained altar of Trog.
  4131 | D:3      | Found a glowing silver altar of Zin.
  4274 | D:3      | Reached skill level 3 in Stealth
  4412 | D:3      | You fall into a shaft and drop 2 floors!
  4412 | D:5      | Entered Level 5 of the Dungeon
  4797 | D:6      | Noticed an ogre
  4832 | D:5      | Reached XP level 6. HP: 40/41 MP: 9/9
  5106 | D:4      | Noticed Natasha
  5259 | D:5      | Reached skill level 4 in Stealth
  5843 | D:5      | Identified a scroll of acquirement
  5848 | D:5      | Acquired the ring of Butchery {Drain rN++ AC+4 Str+6}
  5864 | D:5      | Reached XP level 7. HP: 46/46 MP: 11/11
  5912 | D:4      | Noticed Pikel
  5919 | D:4      | Noticed Sigmund
  6339 | D:5      | Killed from afar by an orc priest

Illustrated notes

Levels and vault maps discovered:
D:1:      dpeg_cavernosity, layout_basic, chequers_arboretum
D:2:      layout_loops_ring
D:3:      layout_loops_ring, trog_three_pillars_becter,
          mainiacjoe_overflow_large_starburst, mainiacjoe_overflow_paths,
          portal_sewer_entry_e, hellmonk_ecumenical_altar_arch_garden,
          solitary_fountain
D:4:      layout_basic, kennysheep_nub, uniq_pikel, uniq_sigmund,
          uniq_crazy_yiuf_cottage, uniq_natasha
D:5:      minmay_razor_zed, layout_layer_cave
D:6:      layout_layer_cave, serial_shops, shop
D:7:      layout_rooms, minmay_temple_entry_sparse_star,
          gammafunk_ghost_abyssal_escape, minmay_crystal_room

Skill      XL: |  1  2  3  4  5  6  7 |
---------------+----------------------+-----
Stealth        | 1 2 3 4 |  4.6
Fighting       | 2 3 |  3.5
Spellcasting   | 2 3 |  3.1
Crossbows      | 3 |  3.9
Dodging        | 3 |  3.9
Hexes          | |  3.0

Action                   |  1- 3 |  4- 6 |  7- 9 || total
-------------------------+-------+-------+-------++-------
Melee: Long sword        |    22 |   117 |    32 ||   171
       Dagger            |    14 |       |       ||    14
       Tentacles         |     9 |    15 |     4 ||    28
       Constrict         |     6 |    26 |     4 ||    36
 Fire: Hand crossbow     |    66 |    29 |     7 ||   102
 Cast: Slow              |       |    18 |    12 ||    30
  Use: Scroll            |       |     5 |     2 ||     7
       Potion            |       |       |     3 ||     3
 Stab: Sleeping          |     5 |    11 |       ||    16
       Distracted        |       |     2 |       ||     2
Armor: Skin              |     5 |    12 |     4 ||    21
Dodge: Dodged            |    31 |    92 |    30 ||   153

Table legend: (Time is in decaauts)
 A = Elapsed time spent in this place.
 B = Non-inter-level travel time spent in this place.
 C = Inter-level travel time spent in this place.
 D = Time resting spent in this place.
 E = Time spent auto-exploring this place.
 F = Levels seen in this place.
 G = Mean time per level.
                   A        B        C        D        E       F      G
               +--------+--------+--------+--------+--------+-----+--------+
         Total |   6427 |   6300 |    127 |   2267 |   2155 |   8 |  803.4 |
       Dungeon |   5583 |   5456 |    127 |   1819 |   2154 |   7 |  797.6 |
         Sewer |    844 |    844 |      0 |    448 |      1 |   1 |  844.0 |
               +--------+--------+--------+--------+--------+-----+--------+

Top non-repeatable levels by time:
     D:5: 1521 daAuts
     D:2: 1366 daAuts
     D:1: 1260 daAuts
     D:3: 1005 daAuts
   Sewer: 844 daAuts
     D:6: 368 daAuts
     D:4: 31 daAuts
     D:7: 30 daAuts
